 Dungeon Crawl Stone Soup version 0.29.1-13-g9f3cf754e1 (webtiles) character file.

Game seed: 10618539112205845387

2 KittyFluff the Trooper (level 1, 0/21 HPs)
             Began as a Gargoyle Berserker on Jan 21, 2023.
             Was a Follower of Trog.
             Frozen to death by an endoplasm (5 damage)
             ... on level 1 of the Dungeon.
             The game lasted 00:00:24 (65 turns).

KittyFluff the Trooper (Gargoyle Berserker)           Turns: 65, Time: 00:00:24

Health: 0/21       AC:  4    Str: 20    XL:     1   Next: 30%
Magic:  1/1        EV: 11    Int:  7    God:    Trog [*.....]
Gold:   11         SH:  0    Dex:  9    Spells: 0/0 levels left

rFire   . . .      SeeInvis .   a - +0 mace
rCold   . . .      Faith    .   (no shield)
rNeg    + . .      Spirit   .   b - +0 animal skin
rPois   ∞          Reflect  .   (no helmet)
rElec   +          Harm     .   (no cloak)
rCorr   .          Rampage  .   (no gloves)
Will    .....                   (no boots)
Stlth   ..........              (no amulet)
HPRegen 0.07/turn               (no ring)
MPRegen 0.07/turn               (no ring)

@: berserking, very quick
A: sickness immunity, AC +2, negative energy resistance 1, electricity
resistance, torment resistance 1, petrification resistance
a: Renounce Religion, Berserk


You were on level 1 of the Dungeon.
You worshipped Trog.
Trog was aware of your devotion.
You visited 1 branch of the dungeon, and saw 1 of its levels.

You collected 11 gold pieces.

Inventory:

Hand Weapons
 a - a +0 mace (weapon)
Armour
 b - a +0 animal skin (worn)
 c - a +0 ring mail
Scrolls
 d - a scroll of silence {unknown}


   Skills:
 + Level 3.3 Fighting
 + Level 3.0 Maces & Flails
 * Level 2.2 Armour
 + Level 1.5 Dodging


You couldn't memorise any spells.
You didn't know any spells.
Your spell library was empty.

Dungeon Overview and Level Annotations

Branches:
Dungeon (1/15)

Altars:


Innate Abilities, Weirdness & Mutations

You are immune to sickness and miasma.
Your stone body is resilient. (AC +2)
You are immune to poison.
You resist negative energy. (rN+)
You are resistant to electric shocks. (rElec)
You are resistant to unholy torment.
You are immune to petrification.


Message History

You hit the ball python.
The ball python is heavily wounded.
The goblin closely misses you.
The ball python bites you but does no damage.
The ball python closely misses you. The ball python barely misses you.
The ball python grabs you. The ball python constricts you.
The goblin closely misses you.
You escape the ball python's grasp.
The ball python closely misses you. The ball python grabs you.
The ball python constricts you.
You escape the ball python's grasp.
The ball python barely misses you. x2
The ball python attacks as you move away!
The ball python bites you but does no damage.
The ball python completely misses you.
The ball python attacks as you move away!
The ball python bites you but does no damage.
The ball python attacks as you move away!
The ball python completely misses you. The ball python barely misses you.
You thump the ball python!
You kill the ball python!
Trog accepts your kill.
You closely miss the ball python. The ball python barely misses you.
The ball python grabs you. The ball python constricts you.
The ball python bites you.
* * * LOW HITPOINT WARNING * * *
The ball python constricts you.
* * * LOW HITPOINT WARNING * * *
You barely miss the ball python.
The ball python bites you but does no damage.
The ball python constricts you.
A red film seems to cover your vision as you go berserk!
You feel yourself moving faster!
You feel mighty! The ball python closely misses you.
The ball python constricts you. The ball python closely misses you.
The ball python constricts you.
You hit the ball python.
You kill the ball python!
Trog accepts your kill.
You barely miss the endoplasm. The endoplasm freezes you.
You are frozen.
You die...

.......####...§§§§#..##
.≈≈≈≈...##...≈§§≈......
≈≈≈≈≈≈.....§§§≈§≈§..# .
≈≈≈≈≈≈......§§§<≈≈..##..
≈≈≈≈≈≈......≈.≈≈≈≈.......
.≈≈≈≈..####..≈§≈≈...#...
......## ##......###..#
#####.# #.....## ..# #.##
##..##@# ..#
#..####...##J####..#
#.##......####g......#
#.......######.......#
#..###### #..........#
....# #.##.###...# .... #
#.# #...# ... #.......#
.. #####...#


You could see an endoplasm and a goblin.

Vanquished Creatures
  2 ball pythons (D:1)
2 creatures vanquished.

Notes
Turn   | Place    | Note
-------+----------+-------------------------------------------
     0 | D:1      | KittyFluff the Gargoyle Berserker began the quest for the
                  | Orb.
     0 | D:1      | Reached XP level 1. HP: 14/14 MP: 1/1
    65 | D:1      | Frozen to death by an endoplasm

Illustrated notes

Levels and vault maps discovered:
D:1:      dpeg_arrival_pits, layout_basic

Action                   || total
-------------------------++-------
Melee: Mace              ||     9
Invok: Berserk           ||     1
Armor: Animal skin       ||     7
Dodge: Dodged            ||    19
